 Dungeon Crawl Stone Soup version 0.25-b1-41-g19641232cd (webtiles) character file.

Game seed: 16702101671337186078

22 H0rd4k the Charlatan (level 3, -10/26 HPs)
             Began as a Human Artificer on June 8, 2020.
             Killed by divine providence
             ... invoked by an orc priest
              (11 damage)
             ... on level 3 of the Dungeon.
             The game lasted 00:01:12 (896 turns).

H0rd4k the Charlatan (Human Artificer)               Turns: 896, Time: 00:01:12

Health: -10/26     AC:  3    Str: 13    XL:     3   Next: 7%
Magic:  5/5        EV: 12    Int: 11    God:
Gold:   12         SH:  0    Dex: 13    Spells: 2/2 levels left

rFire    . . .     SeeInvis .   a - +0 short sword
rCold    . . .     Gourm    .   (no shield)
rNeg     . . .     Faith    .   b - +0 leather armour
rPois    .         Spirit   .   (no helmet)
rElec    .         Reflect  .   (no cloak)
rCorr    .         Harm     .   (no gloves)
MR       .....                  (no boots)
Stlth    ++........             (no amulet)
HPRegen  0.08/turn              g - ring of stealth
MPRegen  0.09/turn              (no ring)

@: no status effects
A: no striking features
a: no special abilities


You were on level 3 of the Dungeon.
You were not hungry.

You visited 1 branch of the dungeon, and saw 3 of its levels.

You collected 12 gold pieces.

Inventory:

Hand Weapons
 a - a +0 short sword (weapon)
Armour
 b - a +0 leather armour (worn)
Jewellery
 g - a ring of stealth (left hand)
Wands
 c - a wand of flame (13)
 d - a wand of enslavement (13)
 e - a wand of random effects (15)
Scrolls
 h - 3 scrolls of identify {unknown}
Potions
 j - a potion of mutation {unknown}
Comestibles
 f - a ration


   Skills:
 + Level 1.0 Fighting
 + Level 1.1 Short Blades
 + Level 0.6 Armour
 + Level 2.2 Dodging
 + Level 1.0 Stealth
 + Level 3.6 Evocations


You had 2 spell levels left.
You didn't know any spells.
Your spell library was empty.

Dungeon Overview and Level Annotations

Branches:
Dungeon (3/15)

Altars:


Message History

The orc priest shouts!
You hear a shout!
The orc barely misses you.
You hit the orc.
The orc is lightly wounded.
The orc priest looks satisfied for a moment.
The orc hits you with a +0 flail.
The orc priest invokes the aid of Beogh against you.
Beogh smites you!
Ouch! That really hurt!
Evoke which item? (* to show all) (? for menu, Esc to quit)
Aiming: Enslavement
Press: ? - help, Shift-Dir - straight line, f - orc
Aim: an orc, wielding a +0 flail and wearing a cursed +0 ring mail (lightly wounded, chance to defeat MR: 73%)
The orc is charmed.
The orc priest calls down the wrath of Beogh upon you.
Beogh smites you!
* * * LOW HITPOINT WARNING * * *
The orc priest calls down the wrath of Beogh upon you.
Beogh smites you!
You die...

#####...##########.# #.#
##.## #.# #.#
#.###########.# #.#
#..........##.# ###.##
##########.##.########.....
#.##..............
#.###............. #.#
#.#######..... ##@# #.#
#..... #.o# #.# ######.###
#o## #.###......# #.#
#.....###### #.# ####.<#
#.# #..# #.# #..# #o# #..#
#o# #..#


You could see an orc priest, an orc and a friendly orc (charmed).

Vanquished Creatures
  An adder (D:2)
  An ooze (D:1)
  A leopard gecko (D:3)
  2 bats (D:1)
  A quokka (D:3)
  2 frilled lizards
  A kobold (D:1)
  3 rats
12 creatures vanquished.

Vanquished Creatures (collateral kills)
  A frilled lizard (D:2)
1 creature vanquished.

Grand Total: 13 creatures vanquished

Notes
Turn   | Place    | Note
-------+----------+-------------------------------------------
     0 | D:1      | H0rd4k the Human Artificer began the quest for the Orb.
     0 | D:1      | Reached XP level 1. HP: 15/15 MP: 3/3
   155 | D:1      | Reached XP level 2. HP: 13/21 MP: 4/4
   350 | D:1      | You fall into a shaft and drop 1 floor!
   593 | D:2      | Reached XP level 3. HP: 12/26 MP: 5/5
   895 | D:3      | HP: 1/26 [orc priest/divine providence (12)]
   896 | D:3      | Killed from afar by an orc priest

Illustrated notes

Levels and vault maps discovered:
D:1:      tarquinn_simple_flora_water_a, layout_basic, due_unseen_surprise
D:2:      layout_rooms, serial_bayou, serial_bayou_pond_e, serial_bayou_shore_b,
          serial_bayou_shore_b, serial_bayou_lake_a, serial_bayou_shore_b
D:3:      layout_loops_ring, first_ration, uniq_jessica

Action                   || total
-------------------------++-------
Melee: Short sword       ||    53
Evoke: Wand              ||     4
 Stab: Sleeping          ||     1
Armor: Leather armour    ||    23
Dodge: Dodged            ||    44
